AoeStats
← NeessQuiick

Arena

510257933Analyzed
4v4 RM · 2d ago on Sep 30, 2026· 48m 49s· 8 players
Game mode
Random Map
Map size
Large (8 player)
Population
200
Speed
Normal
Resources
Standard
Victory
Conquest
Starting age
Dark Age
Ending age
Imperial Age
RankedLock teamsTeams togetherTeam positionsShared explorationLock speedFull tech treeHidden civsTurbo modeCheats
Victory
Defeat
🇪🇨 Chinese · Ecuador
1058
+16
🇲🇽 Huns · Mexico
1050
+16
🇺🇸 Turks · United States
1041
+17
🇲🇽 Mongols · Mexico
1039
+17
🇺🇸 Ethiopians · United States
1110
-20
🇺🇸 Varangians · United States
1052
-16
🇺🇸 Lithuanians · United States
1046
-16
🇺🇸 Romans · United States
1006
-14
NeessQuiick
11:03 Feudal Age
15:19 Castle Age
13:08 Double-Bit Axe
16:55 Horse Collar
18:08 Stone Mining
20:30 Wheelbarrow
20:36 Wheelbarrow
23:02 Padded Archer Armor
23:55 Gold Mining
25:32 Nomads
27:42 Loom
27:43 Town Watch
30:39 Imperial Age
28:18 Heavy Plow
28:42 Ballistics
28:18 Murder Holes
28:19 Fletching
29:35 Hand Cart
30:07 Gold Shaft Mining
30:42 Bow Saw
33:32 Town Patrol
34:23 Onager
38:25 Elite Mangudai
39:08 Bodkin Arrow
41:00 Drill
43:43 Siege Onager
45:07 Stone Shaft Mining
45:27 Bracer
45:43 Leather Archer Armor
45:34 Scale Barding Armor
46:36 Chemistry
45:43 Siege Engineers
Standing Alone!
10:39 Feudal Age
12:34 Double-Bit Axe
15:07 Castle Age
21:49 Imperial Age
19:56 Gold Mining
19:49 Horse Collar
25:35 Padded Archer Armor
27:46 Bow Saw
29:51 Wheelbarrow
29:54 Leather Archer Armor
33:46 Town Watch
34:59 Hand Cart
38:59 Ring Archer Armor
42:22 Scale Barding Armor
42:28 Forging
43:24 Chain Barding Armor
45:07 Heavy Camel Rider
46:24 Plate Barding Armor
Sniper_Wolf
12:24 Feudal Age
14:09 Loom
16:29 Castle Age
15:33 Double-Bit Axe
15:39 Gold Mining
15:30 Horse Collar
16:00 Scale Barding Armor
16:05 Forging
16:24 Bloodlines
18:11 Bow Saw
20:51 Loom
22:05 Iron Casting
21:55 Chain Barding Armor
22:51 Wheelbarrow
22:53 Iron Casting
22:42 Husbandry
28:00 Gold Shaft Mining
27:28 Heavy Plow
34:08 Imperial Age
34:35 Hand Cart
35:26 Plate Barding Armor
34:20 Cavalier
36:08 Blast Furnace
38:11 Paladin
48:03 Town Watch
Bry.D
0:26 Loom
9:12 Feudal Age
13:35 Castle Age
13:03 Double-Bit Axe
13:00 Horse Collar
14:07 Wheelbarrow
14:56 Bow Saw
15:21 Heavy Plow
20:37 Hand Cart
20:42 Arson
21:59 Squires
27:41 Town Watch
30:44 Imperial Age
29:47 Gold Mining
29:48 Stone Mining
30:13 Town Patrol
31:47 Forging
31:42 Scale Barding Armor
31:14 Capped Ram
32:02 Husbandry
31:24 Light Cavalry
32:14 Bloodlines
34:17 Chemistry
33:38 Ballistics
33:11 Fletching
36:44 Iron Casting
36:30 Chain Barding Armor
36:45 Iron Casting
36:30 Chain Barding Armor
41:35 Blast Furnace
41:10 Plate Barding Armor
41:35 Blast Furnace
40:50 Masonry
42:04 Two-Man Saw
42:03 Bodkin Arrow
44:02 Bombard Tower
44:13 Architecture
43:35 Guard Tower
43:30 Arrowslits
43:53 Great Wall
44:15 Conscription
44:53 Elite Fire Lancer
46:09 Scale Mail Armor
46:10 Bracer
48:52 Gold Shaft Mining
48:54 Stone Shaft Mining
Hazey1
10:04 Feudal Age
11:00 Double-Bit Axe
13:48 Fletching
14:48 Loom
15:07 Padded Archer Armor
19:06 Castle Age
18:28 Gold Mining
19:03 Horse Collar
19:56 Bow Saw
19:47 Heavy Plow
19:51 Bodkin Arrow
21:04 Wheelbarrow
21:12 Leather Archer Armor
21:01 Crossbowman
22:39 Elite Skirmisher
26:19 Fortified Wall
26:41 Hand Cart
27:41 Masonry
32:02 Imperial Age
37:45 Chemistry
37:06 Ballistics
37:08 Arbalester
45:07 Thumb Ring
DanTheMan
10:42 Feudal Age
16:15 Castle Age
14:15 Double-Bit Axe
14:12 Horse Collar
16:44 Stone Mining
17:06 Gold Mining
18:10 Fervor
20:56 Wheelbarrow
20:45 Forging
22:27 Hand Cart
23:00 Loom
24:58 Scale Barding Armor
25:05 Bloodlines
25:27 Husbandry
26:07 Sanctity
27:07 Iron Casting
28:13 Heavy Plow
31:53 Fortified Wall
31:25 Treadmill Crane
32:23 Chain Barding Armor
36:48 Imperial Age
34:04 Town Watch
36:18 Fletching
36:51 Cavalier
38:17 Paladin
41:12 Plate Barding Armor
40:52 Bodkin Arrow
42:46 Conscription
crypto760
3:55 Loom
11:51 Feudal Age
17:46 Castle Age
18:50 Wheelbarrow
18:22 Double-Bit Axe
18:19 Horse Collar
18:43 Town Watch
19:42 Bow Saw
21:00 Heavy Plow
28:32 Ballistics
30:57 Imperial Age
28:56 Squires
29:01 Gold Mining
29:06 Stone Mining
29:39 Pikeman
30:33 Forging
30:24 Scale Mail Armor
30:45 Hand Cart
31:05 Halberdier
33:41 Crop Rotation
34:35 Chemistry
34:08 Heavy Scorpion
36:36 Gold Shaft Mining
36:32 Ballistas
36:48 Conscription
42:23 Siege Engineers
LilCreamBoi
3:25 Loom
11:30 Feudal Age
14:00 Town Watch
16:48 Castle Age
16:28 Padded Archer Armor
16:18 Fletching
16:27 Horse Collar
16:35 Double-Bit Axe
18:29 Wheelbarrow
20:18 Leather Archer Armor
22:54 Bodkin Arrow
24:13 Heavy Plow
24:36 Bow Saw
25:49 Hand Cart
29:27 Scale Mail Armor
29:38 Forging
29:38 Squires
30:10 Gold Mining
30:10 Stone Mining
34:19 Gambesons
34:24 Arson
34:58 Chain Mail Armor
35:18 Iron Casting
39:54 Imperial Age
Connection lost

Rejoining the realm…

Still unreachable

The connection could not be restored.

Session expired

The server has moved on; the page needs a fresh start.